[ PARTIDA AOE2 · #495338651 ]
UnrankedMagiares vs Magyars
Equipo del jugador · VICT
Equipo rival · DERR
[ ANÁLISIS DE REPETICIÓN · EXTRAÍDO DE LA PARTIDA GRABADA ]
Feudal
9:44
Castillos
25:41
Imperial
45:45
| APM promedio | 47.7 |
| APM pico | 124 |
| eAPM promedio | 22.0 |
| Aldeanos / militares | 103 / 76 |
Foco
⚔️ 31.0% · 🌾 69.0%
Cavalry Archer ×30 · Archer ×17 · Spearman ×14 · Trebuchet (Packed) ×5 · Mangonel ×4 · Militia ×3
Feudal
10:00
Castillos
22:40
Imperial
42:08
| APM promedio | 40.3 |
| APM pico | 86 |
| eAPM promedio | 16.9 |
| Aldeanos / militares | 64 / 109 |
Foco
⚔️ 36.8% · 🌾 63.2%
Knight ×54 · Skirmisher ×24 · Mangonel ×10 · Archer ×6 · Militia ×5 · Scorpion ×4
Mapa de la partida
Recursos iniciales + cada clic de construcción. Líneas = muros · curvas = relieve. ◆ oro · ⬟ piedra · ● bayas · ✦ reliquia · ◌ hueco del cierre
Tu base· ✓ Cerrada en 25:41 · 28t muro · 4 puerta(s)
Base de manu· ✓ Cerrada en 22:40 · 36t muro · 1 puerta(s)
Terreno inicial suavizado · ◌ = hueco del cierre detectado · pasá el cursor para detalles
Inputs por minuto
— El_mexicano_S - - manu
Build order — El_mexicano_S
Primeras 150 de 328 acciones detectadas
| 0:02 | Crear | Villager (Male) |
| 0:02 | Crear | Villager (Male) |
| 0:02 | Crear | Villager (Male) |
| 0:04 | Construir | House |
| 0:05 | Construir | House |
| 0:29 | Crear | Villager (Male) |
| 1:31 | Crear | Villager (Male) |
| 1:31 | Crear | Villager (Male) |
| 2:07 | Crear | Villager (Male) |
| 2:28 | Crear | Villager (Male) |
| 2:43 | Construir | Lumber Camp |
| 2:50 | Crear | Villager (Male) |
| 2:50 | Crear | Villager (Male) |
| 2:51 | Crear | Villager (Male) |
| 3:47 | Crear | Villager (Male) |
| 3:53 | Crear | Villager (Male) |
| 3:53 | Crear | Villager (Male) |
| 4:02 | Construir | House |
| 4:04 | Construir | House |
| 4:26 | Crear | Villager (Male) |
| 4:26 | Crear | Villager (Male) |
| 4:43 | Construir | Mill |
| 5:26 | Crear | Villager (Male) |
| 5:27 | Crear | Villager (Male) |
| 5:27 | Crear | Villager (Male) |
| 6:34 | Construir | Barracks |
| 6:39 | Investigar | Loom |
| 7:34 | Investigar | Feudal Age |
| 7:40 | Construir | Mining Camp |
| 8:05 | Crear | Militia |
| 8:25 | Crear | Militia |
| 8:31 | Crear | Militia |
| 9:00 | Crear | Villager (Male) |
| 9:44 | Edad | Edad Feudal |
| 9:45 | Construir | House |
| 9:47 | Investigar | Man-at-Arms (upgrade) |
| 9:52 | Construir | Archery Range |
| 9:54 | Investigar | Double-Bit Axe |
| 9:56 | Crear | Villager (Male) |
| 10:49 | Crear | Villager (Male) |
| 10:52 | Construir | House |
| 10:54 | Construir | Mill |
| 11:09 | Crear | Villager (Male) |
| 11:10 | Crear | Archer |
| 11:28 | Crear | Archer |
| 11:37 | Construir | House |
| 11:48 | Construir | Palisade Wall |
| 11:53 | Construir | Palisade Wall |
| 11:56 | Construir | Palisade Wall |
| 11:58 | Construir | Palisade Wall |
| 12:07 | Crear | Villager (Male) |
| 12:12 | Crear | Archer |
| 12:15 | Construir | Mill |
| 12:31 | Construir | Palisade Gate |
| 12:56 | Crear | Villager (Male) |
| 13:16 | Construir | Blacksmith |
| 13:27 | Crear | Villager (Male) |
| 13:39 | Construir | Palisade Gate |
| 13:44 | Construir | Palisade Gate |
| 13:57 | Crear | Villager (Male) |
| 13:57 | Crear | Villager (Male) |
| 14:01 | Crear | Archer |
| 14:43 | Crear | Villager (Male) |
| 15:00 | Investigar | Horse Collar |
| 15:11 | Construir | House |
| 15:55 | Crear | Villager (Male) |
| 15:57 | Construir | Farm |
| 15:58 | Construir | Farm |
| 15:58 | Construir | Farm |
| 15:58 | Construir | Farm |
| 15:59 | Construir | Farm |
| 16:07 | Construir | House |
| 16:09 | Crear | Archer |
| 16:14 | Investigar | Fletching |
| 16:18 | Crear | Villager (Male) |
| 16:25 | Construir | Farm |
| 16:40 | Crear | Archer |
| 16:43 | Crear | Villager (Male) |
| 16:45 | Construir | House |
| 17:12 | Construir | Farm |
| 17:14 | Construir | Farm |
| 17:16 | Construir | House |
| 17:18 | Crear | Archer |
| 17:21 | Crear | Villager (Male) |
| 17:32 | Construir | Archery Range |
| 17:34 | Investigar | Padded Archer Armor |
| 17:41 | Construir | House |
| 17:58 | Crear | Villager (Male) |
| 17:59 | Construir | Farm |
| 18:01 | Crear | Villager (Male) |
| 18:17 | Construir | House |
| 18:28 | Crear | Archer |
| 19:11 | Crear | Villager (Male) |
| 19:14 | Construir | House |
| 19:16 | Crear | Villager (Male) |
| 19:23 | Crear | Archer |
| 19:25 | Crear | Villager (Male) |
| 19:26 | Crear | Villager (Male) |
| 19:34 | Construir | Market |
| 19:38 | Construir | Palisade Wall |
| 19:44 | Construir | Palisade Wall |
| 19:47 | Crear | Villager (Male) |
| 19:50 | Crear | Archer |
| 19:52 | Crear | Archer |
| 19:52 | Crear | Archer |
| 20:08 | Crear | Archer |
| 20:23 | Construir | Farm |
| 20:25 | Construir | Farm |
| 20:26 | Construir | Farm |
| 20:33 | Construir | Farm |
| 20:35 | Crear | Archer |
| 20:36 | Crear | Archer |
| 20:51 | Crear | Villager (Male) |
| 20:54 | Construir | Farm |
| 20:54 | Construir | Farm |
| 20:57 | Construir | Farm |
| 21:00 | Construir | Farm |
| 21:11 | Construir | Palisade Wall |
| 22:06 | Construir | House |
| 22:08 | Construir | House |
| 22:14 | Construir | Palisade Wall |
| 22:33 | Construir | Palisade Gate |
| 22:50 | Construir | House |
| 22:52 | Construir | Palisade Wall |
| 23:01 | Investigar | Castle Age |
| 23:05 | Crear | Archer |
| 23:05 | Crear | Archer |
| 23:12 | Construir | Palisade Wall |
| 24:47 | Investigar | Gold Mining |
| 24:58 | Construir | House |
| 25:00 | Construir | House |
| 25:35 | Crear | Villager (Male) |
| 25:41 | Edad | Edad de los Castillos |
| 25:43 | Crear | Cavalry Archer |
| 25:43 | Crear | Cavalry Archer |
| 25:45 | Crear | Villager (Male) |
| 25:59 | Construir | Town Center |
| 26:21 | Investigar | Bodkin Arrow |
| 26:23 | Crear | Cavalry Archer |
| 26:23 | Crear | Cavalry Archer |
| 26:31 | Crear | Villager (Male) |
| 26:40 | Construir | Farm |
| 26:46 | Investigar | Crossbowman (upgrade) |
| 26:48 | Crear | Villager (Male) |
| 26:56 | Investigar | Wheelbarrow |
| 26:59 | Crear | Villager (Male) |
| 26:59 | Crear | Villager (Male) |
| 27:00 | Crear | Cavalry Archer |
| 27:01 | Crear | Cavalry Archer |
| 27:15 | Investigar | Town Watch |
Build order — manu
Primeras 150 de 286 acciones detectadas
| 0:00 | Crear | Villager (Male) |
| 0:00 | Crear | Villager (Male) |
| 0:01 | Crear | Villager (Male) |
| 0:02 | Construir | House |
| 0:03 | Construir | House |
| 0:07 | Crear | Villager (Male) |
| 1:28 | Crear | Villager (Male) |
| 1:28 | Crear | Villager (Male) |
| 1:57 | Construir | Lumber Camp |
| 1:59 | Crear | Villager (Male) |
| 2:27 | Crear | Villager (Male) |
| 2:27 | Crear | Villager (Male) |
| 2:48 | Crear | Villager (Male) |
| 2:48 | Crear | Villager (Male) |
| 3:01 | Crear | Villager (Male) |
| 3:01 | Crear | Villager (Male) |
| 3:29 | Construir | House |
| 3:32 | Crear | Villager (Male) |
| 3:32 | Crear | Villager (Male) |
| 3:52 | Crear | Villager (Male) |
| 3:52 | Crear | Villager (Male) |
| 3:58 | Construir | Mill |
| 4:19 | Crear | Villager (Male) |
| 4:19 | Crear | Villager (Male) |
| 4:53 | Crear | Villager (Male) |
| 5:30 | Construir | Mill |
| 5:35 | Crear | Villager (Male) |
| 5:35 | Crear | Villager (Male) |
| 5:49 | Crear | Villager (Male) |
| 6:04 | Construir | House |
| 6:06 | Crear | Villager (Male) |
| 6:26 | Crear | Villager (Male) |
| 7:03 | Construir | Barracks |
| 7:09 | Investigar | Loom |
| 7:09 | Investigar | Loom |
| 7:50 | Investigar | Feudal Age |
| 8:02 | Crear | Militia |
| 8:02 | Crear | Militia |
| 8:11 | Construir | Mining Camp |
| 8:22 | Crear | Militia |
| 8:22 | Crear | Militia |
| 8:40 | Crear | Militia |
| 8:47 | Construir | Lumber Camp |
| 9:08 | Construir | House |
| 9:43 | Construir | Palisade Wall |
| 9:45 | Construir | Palisade Wall |
| 9:48 | Construir | Palisade Wall |
| 9:51 | Construir | Palisade Wall |
| 9:53 | Construir | Palisade Wall |
| 10:00 | Edad | Edad Feudal |
| 10:04 | Investigar | Man-at-Arms (upgrade) |
| 10:14 | Construir | Palisade Wall |
| 10:22 | Construir | Palisade Wall |
| 10:24 | Construir | Palisade Wall |
| 10:43 | Construir | Archery Range |
| 10:59 | Crear | Villager (Male) |
| 11:00 | Investigar | Double-Bit Axe |
| 11:15 | Crear | Skirmisher |
| 11:15 | Crear | Skirmisher |
| 11:21 | Crear | Archer |
| 11:40 | Crear | Villager (Male) |
| 12:41 | Construir | Palisade Wall |
| 13:00 | Crear | Archer |
| 13:01 | Crear | Villager (Male) |
| 13:01 | Crear | Villager (Male) |
| 13:02 | Construir | Farm |
| 13:03 | Construir | Farm |
| 13:08 | Construir | Farm |
| 13:10 | Construir | Farm |
| 13:26 | Construir | Farm |
| 13:27 | Construir | Farm |
| 13:28 | Construir | Farm |
| 13:38 | Crear | Villager (Male) |
| 13:40 | Crear | Skirmisher |
| 13:48 | Construir | Blacksmith |
| 13:53 | Construir | Palisade Wall |
| 13:56 | Crear | Villager (Male) |
| 14:00 | Crear | Archer |
| 14:30 | Construir | House |
| 14:38 | Construir | House |
| 14:43 | Crear | Archer |
| 14:52 | Investigar | Padded Archer Armor |
| 15:01 | Crear | Villager (Male) |
| 15:06 | Crear | Skirmisher |
| 15:24 | Construir | House |
| 15:24 | Construir | House |
| 15:25 | Construir | House |
| 15:26 | Crear | Villager (Male) |
| 16:01 | Investigar | Fletching |
| 16:03 | Crear | Skirmisher |
| 16:04 | Crear | Skirmisher |
| 16:10 | Crear | Villager (Male) |
| 16:22 | Crear | Villager (Male) |
| 16:30 | Crear | Skirmisher |
| 16:43 | Crear | Villager (Male) |
| 16:48 | Construir | House |
| 16:59 | Crear | Villager (Male) |
| 17:04 | Construir | Palisade Wall |
| 17:22 | Crear | Villager (Male) |
| 17:22 | Crear | Villager (Male) |
| 17:25 | Crear | Archer |
| 17:25 | Crear | Archer |
| 17:31 | Crear | Villager (Male) |
| 17:51 | Crear | Villager (Male) |
| 17:55 | Crear | Villager (Male) |
| 18:13 | Investigar | Horse Collar |
| 18:13 | Investigar | Horse Collar |
| 18:20 | Construir | Market |
| 18:28 | Crear | Villager (Male) |
| 18:47 | Construir | Palisade Gate |
| 18:49 | Construir | House |
| 18:51 | Construir | Palisade Wall |
| 18:53 | Construir | Palisade Wall |
| 19:27 | Construir | Farm |
| 20:00 | Investigar | Castle Age |
| 20:00 | Investigar | Castle Age |
| 20:33 | Construir | Stable |
| 20:51 | Construir | Farm |
| 22:11 | Construir | Farm |
| 22:12 | Construir | Farm |
| 22:13 | Construir | Farm |
| 22:14 | Construir | Farm |
| 22:15 | Construir | Farm |
| 22:16 | Construir | Farm |
| 22:33 | Investigar | Bloodlines |
| 22:40 | Edad | Edad de los Castillos |
| 22:43 | Crear | Knight |
| 22:43 | Crear | Knight |
| 22:43 | Crear | Knight |
| 22:43 | Crear | Knight |
| 22:58 | Investigar | Scale Barding Armor |
| 23:06 | Construir | Farm |
| 23:19 | Construir | Lumber Camp |
| 23:22 | Crear | Villager (Male) |
| 23:27 | Crear | Knight |
| 23:58 | Crear | Knight |
| 23:58 | Crear | Knight |
| 23:58 | Crear | Knight |
| 24:14 | Investigar | Chain Barding Armor |
| 24:15 | Crear | Villager (Male) |
| 24:22 | Crear | Villager (Male) |
| 24:32 | Construir | Stable |
| 24:38 | Crear | Villager (Male) |
| 24:44 | Crear | Knight |
| 25:08 | Construir | Farm |
| 25:20 | Crear | Knight |
| 25:24 | Crear | Knight |
| 25:40 | Construir | Farm |
| 25:43 | Construir | Farm |
| 25:45 | Crear | Knight |
Cronología de la partida
| 6:34 | El_mexicano_S · first_building Barracks |
| 7:03 | manu · first_building Barracks |
| 9:43 | manu · wall_segment Palisade Wall x1 |
| 9:44 | El_mexicano_S · age_up feudal |
| 9:45 | manu · wall_segment Palisade Wall x1 |
| 9:48 | manu · wall_segment Palisade Wall x1 |
| 9:51 | manu · wall_segment Palisade Wall x1 |
| 9:52 | El_mexicano_S · first_building Archery Range |
| 9:53 | manu · wall_segment Palisade Wall x1 |
| 10:00 | manu · age_up feudal |
| 10:14 | manu · wall_segment Palisade Wall x1 |
| 10:22 | manu · wall_segment Palisade Wall x1 |
| 10:24 | manu · wall_segment Palisade Wall x1 |
| 10:43 | manu · first_building Archery Range |
| 11:48 | El_mexicano_S · wall_segment Palisade Wall x1 |
| 11:53 | El_mexicano_S · wall_segment Palisade Wall x1 |
| 11:56 | El_mexicano_S · wall_segment Palisade Wall x1 |
| 11:58 | El_mexicano_S · wall_segment Palisade Wall x1 |
| 12:41 | manu · wall_segment Palisade Wall x1 |
| 13:53 | manu · wall_segment Palisade Wall x4 |
| 17:04 | manu · wall_segment Palisade Wall x17 |
| 18:51 | manu · wall_segment Palisade Wall x1 |
| 18:53 | manu · wall_segment Palisade Wall x6 |
| 19:38 | El_mexicano_S · wall_segment Palisade Wall x12 |
| 19:39 | manu · first_market_buy 100 food |
| 19:41 | manu · first_market_sell 100 stone |
| 19:44 | El_mexicano_S · wall_segment Palisade Wall x9 |
| 20:33 | manu · first_building Stable |
| 21:11 | El_mexicano_S · wall_segment Palisade Wall x1 |
| 22:01 | El_mexicano_S · first_market_sell 100 wood |
| 22:14 | El_mexicano_S · wall_segment Palisade Wall x1 |
| 22:40 | manu · age_up castle |
| 22:52 | El_mexicano_S · wall_segment Palisade Wall x1 |
| 23:12 | El_mexicano_S · wall_segment Palisade Wall x1 |
| 25:41 | El_mexicano_S · age_up castle |
| 25:51 | El_mexicano_S · first_market_buy 100 wood |
| 26:23 | manu · first_building Siege Workshop |
| 28:51 | El_mexicano_S · wall_segment Palisade Wall x1 |
| 30:40 | El_mexicano_S · first_building Siege Workshop |
| 32:10 | El_mexicano_S · first_building Castle |
| 38:05 | manu · first_building Monastery |
| 39:07 | El_mexicano_S · first_building Monastery |
| 42:04 | manu · first_building Castle |
| 42:08 | manu · age_up imperial |
| 43:38 | El_mexicano_S · wall_segment Stone Wall x5 |
| 45:16 | El_mexicano_S · wall_segment Stone Wall x1 |
| 45:45 | El_mexicano_S · age_up imperial |
| 50:49 | manu · resign |
[ ANÁLISIS IA · 1 CRÉDITO ]
¿Qué pasó realmente en esta partida?
Wolo.gg analiza cada decisión: build order, eco, micro, errores típicos por bracket. Análisis personalizado por WhatsApp o Discord en 30 segundos.
Guía civ
Magiares
Perfil
El_mexicano_S